 Dungeon Crawl Stone Soup version 0.32-a0-818-gb728d0252e (webtiles) character file.

Game seed: 15120432267432370777

6 fernweh the Sneak (level 1, -1/15 HPs)
             Began as a Naga Earth Elementalist on Mar 23, 2024.
             Slain by a ball python (2 damage)
             ... on level 1 of the Dungeon on Mar 25, 2024.
             The game lasted 00:03:00 (107 turns).

fernweh the Sneak (Naga Earth Elementalist)          Turns: 107, Time: 00:03:03

Health: -1/15      AC:  1    Str: 10    XL:     1   Next: 90%
Magic:  3/3        EV:  9    Int: 15    God:
Gold:   0          SH:  0    Dex: 11    Spells: 3/4 levels left

rFire   . . .        (no weapon)
rCold   . . .        (no shield)
rNeg    . . .        a - +0 robe
rPois   +            (no helmet)
rElec   .            (no cloak)
rCorr   .            (no gloves)
SInv    +            (no barding)
Will    .....        (no amulet)
Stlth   ++           (no ring)
HPRegen 0.22/turn    (no ring)
MPRegen 0.08/turn

%: no passive effects
@: very slow
A: AC +0, large, see invisible, deformed body, poison resistance, slowness 2,
spit poison 1, naga tail 1
a: Spit Poison


You were on level 1 of the Dungeon.
You visited 1 branch of the dungeon, and saw 1 of its levels.

Inventory:

Armour
 a - a +0 robe (worn)
Potions
 b - a potion of magic


   Skills:
 + Level 1.6 Dodging
 + Level 3.2 Stealth
 + Level 2.1 Spellcasting
 + Level 1.1 Conjurations
 + Level 3.0 Earth Magic


You had 3 spell levels left.
You knew the following spells:

 Your Spells              Type           Power      Damage    Failure   Level
a - Sandblast             Erth           20%        2d7       6%          1

Your spell library contained the following spells:

 Spells                   Type           Power      Damage    Failure   Level
 Passwall                 Erth           10%        N/A       19%         3
 Stone Arrow              Conj/Erth      14%        3d7       28%         3
 Brom's Barrelling Bould  Conj/Erth      7%         2d3       67%         4
 Petrify                  Alch/Erth      6%         N/A       75%         4


Dungeon Overview and Level Annotations

Branches:
Dungeon (1/15)

Altars:


Innate Abilities, Weirdness & Mutations

Your serpentine skin is tough. (AC +0)
You have supernaturally acute eyesight. (SInv)
Armour fits poorly on your strangely shaped body.
Your system is resistant to poisons. (rPois)
You cover ground very slowly.
You can spit poison.
You have a snake-like lower body.


Message History

The bat barely misses you.
Welcome back, fernweh the Naga Earth Elementalist.
Press ? for a list of commands and other information.
The ball python closely misses you. The bat closely misses you.
The ball python bites you.
You barely miss the ball python. The bat closely misses you.
The ball python bites you but does no damage.
The ball python bites you.
You closely miss the ball python. The ball python bites you. x2
You hit the ball python.
The ball python is severely wounded.
The bat hits you. The ball python bites you.
* * * LOW HITPOINT WARNING * * *
The ball python bites you.
* * * LOW HITPOINT WARNING * * *
The bat hits you.
* * * LOW HITPOINT WARNING * * *
The ball python bites you but does no damage.
You hit the ball python.
You kill the ball python!
The bat closely misses you. The ball python bites you.
* * * LOW HITPOINT WARNING * * *
You are too injured to fight recklessly!
You are too injured to fight recklessly!
You are too injured to fight recklessly!
The bat attacks as it pursues you! The bat hits you but does no damage.
The bat closely misses you. The ball python barely misses you.
You see here a ball python corpse.
You are too injured to fight recklessly!
You are too injured to fight recklessly!
You are too injured to fight recklessly!
You are too injured to fight recklessly!
You are too injured to fight recklessly!
A ball python comes into view.
The ball python hisses angrily.
The bat closely misses you. The bat hits you.
* * * LOW HITPOINT WARNING * * *
The ball python attacks as it pursues you!
The ball python barely misses you. The ball python bites you.
You die...

.... #. ... #.
#####).. ##.##......
#...?...S. .....###
.###.......# ........
...........# ......#
.........b.# .....#
#......@†..# .....#
#.......S..# .....##
#..........#
......###........#.##
.................#.##
###.........###..#..#
# ##.......# ##.#..#
#...<...# #....# #
##.......# ##.##.#


You could see a bat and 2 ball pythons.

Vanquished Creatures
  An endoplasm (D:1)
  A hobgoblin (D:1)
  A ball python (D:1)
  2 frilled lizards (D:1)
  2 rats (D:1)
7 creatures vanquished.

Notes
Turn   | Place    | Note
-------+----------+-------------------------------------------
     0 | D:1      | fernweh the Naga Earth Elementalist began the quest for the
                  | Orb.
     0 | D:1      | Reached XP level 1. HP: 15/15 MP: 3/3
   101 | D:1      | Upgraded the game from 0.32-a0-814-g0968bab981 to
                  | 0.32-a0-818-gb728d0252e
   107 | D:1      | Slain by a ball python

Illustrated notes

Levels and vault maps discovered:
D:1:      minmay_arrival_four_circles, layout_rooms

Action                     || total
---------------------------++-------
  Melee: Unarmed           ||    28
   Stab: Sleeping          ||     3
 Armour: Robe              ||    25
  Dodge: Dodged            ||    20

Table legend: (Time is in decaauts)
 A = Elapsed time spent in this place.
 B = Non-inter-level travel time spent in this place.
 C = Inter-level travel time spent in this place.
 D = Time resting spent in this place.
 E = Time spent auto-exploring this place.
 F = Levels seen in this place.
 G = Mean time per level.
                   A        B        C        D        E       F      G
               +--------+--------+--------+--------+--------+-----+--------+
         Total |    134 |    120 |     14 |      0 |     41 |   1 |  134.0 |
       Dungeon |    134 |    120 |     14 |      0 |     41 |   1 |  134.0 |
               +--------+--------+--------+--------+--------+-----+--------+

Top non-repeatable levels by time:
     D:1: 134 daAuts
